 Dungeon Crawl Stone Soup version 0.20.1-1-g8b1a95d (webtiles) character file.

203 Monsterracer the Chiller (level 5, -1/35 HPs)
             Began as a Barachi Ice Elementalist on Sept 7, 2017.
             Slain by a quokka (2 damage)
             ... on level 2 of the Dungeon.
             The game lasted 00:03:03 (1698 turns).

Monsterracer the Chiller (Barachi Ice Elementalist) Turns: 1698, Time: 00:03:04

Health: -1/35      AC:  5    Str:  9    XL:     5   Next: 81%
Magic:  6/10       EV: 12    Int: 16    God:
Gold:   77         SH:  0    Dex: 13    Spells: 0/10 levels left

rFire    . . .     SeeInvis .   j - +0 dagger
rCold    . . .     Gourm    .   (no shield)
rNeg     . . .     Faith    .   a - +0 robe
rPois    .         Spirit   .   (no helmet)
rElec    .         Reflect  .   (no cloak)
rCorr    .         Harm     .   f - +2 pair of gloves
MR       .....                  (no boots)
Stlth    ++........             (no amulet)
Regen    0.2/turn               (no ring)
MPRegen  0.2/turn               (no ring)

@: can't hop, flying, very slightly contaminated, slow
A: +LOS, swims, slowness 1, strong legs 1
a: Hop


You were on level 2 of the Dungeon.
You were hungry.

You visited 1 branch of the dungeon, and saw 2 of its levels.

You collected 77 gold pieces.

Inventory:

Hand Weapons
 j - a +0 dagger (weapon)
Missiles
 l - a throwing net (quivered)
Armour
 a - a +0 robe (worn)
 f - a +2 pair of gloves (worn)
Scrolls
 i - a scroll of identify {unknown}
 k - a scroll of remove curse {unknown}
 n - a scroll of teleportation {unknown}
Potions
 d - a potion of mutation {unknown}
 e - a potion of brilliance {unknown}
 h - a potion of agility {unknown}
 o - a potion of degeneration {unknown}
Books
 b - a book of Frost

   Spells                             Type                      Level
   a - Freeze                         Ice                          1
   b - Throw Frost                    Conjuration/Ice              2
   c - Ozocubu's Armour               Charms/Ice                   3
   d - Throw Icicle                   Conjuration/Ice              4
   e - Summon Ice Beast               Ice/Summoning                4
Comestibles
 c - 2 bread rations
 m - a royal jelly


   Skills:
 - Level 2.1 Dodging
 - Level 1.7 Stealth
 + Level 3.3 Spellcasting
 + Level 3.0 Conjurations
 + Level 0.2 Summonings
 * Level 6.0 Ice Magic


You couldn't memorise any spells.
You knew the following spells:

 Your Spells              Type           Power        Failure   Level  Hunger
a - Freeze                Ice            ###.         1%          1    None
b - Throw Frost           Conj/Ice       ###...       4%          2    ##.....
c - Ozocubu's Armour      Chrm/Ice       ##......     16%         3    ###....
d - Summon Ice Beast      Ice/Summ       ##......     43%         4    ####...


Dungeon Overview and Level Annotations

Branches:
Dungeon (2/15)

Altars:
Uskayaw


Innate Abilities, Weirdness & Mutations

Shadows flee at your approach. (+LOS)
You can swim through water.
You cover ground slowly.
You can hop short distances.


Message History

Damage: -8%(-3hp) hp: 78%(27hp)
You struggle against the net.
The gnoll hits you from afar with an enchanted spear.
The quokka bites you. The gnoll barely misses you.
Damage: -6%(-2hp) hp: 72%(25hp)
You rip the net and break free!
The gnoll hits you from afar with an enchanted spear!
* * * LOW HITPOINT WARNING * * *
The quokka closely misses you. The gnoll misses you.
Huge Dmg: -40%(-14hp) hp: 32%(11hp)
Okay, then.
It was a potion of flight.
You feel very buoyant.
You fly up into the air.
The quokka barely misses you.
The gnoll hits you from afar with an enchanted spear.
* * * LOW HITPOINT WARNING * * *
The gnoll hits you from afar with a spear.
* * * LOW HITPOINT WARNING * * *
The quokka bites you.
You die...

#.#.#.##.#
#.#######.
#.#.#.##.#
#.# ##
#.#.#....#
#.#
#.#.#...)#
#.#
#........##
#.#
###.....†.#
#.#
#.gg....#
#.######
#..r....#
#.##...#
##.@..###
#......#
#.......#
####...#
#....(..#
##.##
#.......#
#.#
#.[.....#
#.#
#.......#
#.#
#(......#
#.#
#...(...#
#.#
#..######
#.#


You could see 2 gnolls and a quokka.

Vanquished Creatures
  Sigmund (D:2)
  An adder (D:2)
  A gnoll (D:1)
  An ooze (D:2)
  A dart slug (D:1)
  A leopard gecko (D:1)
  2 giant cockroaches (D:1)
  5 goblins
  3 hobgoblins (D:1)
  2 jackals (D:2)
  3 kobolds
  A ball python (D:2)
  4 bats
  3 frilled lizards
  3 rats (D:1)
32 creatures vanquished.

Notes
Turn   | Place    | Note
-------+----------+-------------------------------------------
     0 | D:1      | Monsterracer the Barachi Ice Elementalist began the quest for the Orb.
     0 | D:1      | Reached XP level 1. HP: 13/13 MP: 3/3
   239 | D:1      | Reached skill level 4 in Ice Magic
   289 | D:1      | Reached XP level 2. HP: 19/19 MP: 1/5
   293 | D:1      | Learned a level 2 spell: Throw Frost
   445 | D:1      | HP: 6/19 [gnoll/club (7)]
   847 | D:1      | Reached XP level 3. HP: 24/24 MP: 4/6
   852 | D:1      | Learned a level 3 spell: Ozocubu's Armour
  1196 | D:2      | Found a hide-covered altar of Uskayaw.
  1288 | D:2      | Noticed Sigmund
  1388 | D:2      | Killed Sigmund
  1388 | D:2      | Reached skill level 5 in Ice Magic
  1388 | D:2      | Reached XP level 4. HP: 30/30 MP: 1/9
  1388 | D:2      | Reached XP level 5. HP: 35/35 MP: 1/10
  1486 | D:2      | Reached skill level 6 in Ice Magic
  1514 | D:2      | Learned a level 4 spell: Summon Ice Beast
  1696 | D:2      | HP: 11/35 [gnoll/enchanted spear (14)]
  1698 | D:2      | HP: 1/35 [gnoll/spear (5)]
  1698 | D:2      | Slain by a quokka

Skill      XL: |  1  2  3  4  5 |
---------------+----------------+-----
Ice Magic      | 4 5 6 |  6.0
Conjurations   | 2 3 |  3.0
Spellcasting   | 3 |  3.3
Dodging        | |  2.1
Stealth        | |  1.7
Summonings     | |  0.2

Action                   |  1- 3 |  4- 6 || total
-------------------------+-------+-------++-------
Melee: Unarmed           |     2 |       ||     2
       Dagger            |    14 |     4 ||    18
 Cast: Freeze            |    38 |     8 ||    46
       Ozocubu's Armour  |     1 |       ||     1
 Abil: Hop               |     1 |     1 ||     2
  Use: Potion            |       |     1 ||     1
 Stab: Sleeping          |     1 |     1 ||     2
       Distracted        |     1 |       ||     1
  Eat: Chunk             |     2 |     1 ||     3
Armor: Robe              |    13 |     4 ||    17
Dodge: Dodged            |    29 |    14 ||    43
